Penguins vs Whalers

Created - 3 mai 2022 at 10:38

Goals
1 2 3 T
Penguins 0 1 1 2
Whalers 3 1 1 5
Shots
1 2 3 T
Penguins 13 6 14 33
Whalers 14 10 4 28

1st period

1. Whalers , Bryan Rust 1 (David Savard 1, David Perron 2) at 3:43
2. Whalers , Drake Batherson 1 (Christian Dvorak 1) at 17:25
3. Whalers , Reilly Smith 1 (Nikita Zadorov 1) at 19:14

Penalties :
Justin Faulk (HAR) for Hooking (Minor) at 0:15, J.T. Miller (PIT) for Interference (Minor) at 4:05

2nd period

4. Whalers , Joe Pavelski 2 (Vladimir Tarasenko 1, David Savard 2) at 4:38
5. Penguins , Dmitry Orlov 1 (Lawson Crouse 1, Jesse Puljujarvi 1) at 15:23

Penalties :
Christian Dvorak (HAR) for Holding (Minor) at 6:31, Justin Faulk (HAR) for Roughing (Minor) at 9:24

3rd period

6. Whalers , David Perron 2 (Bryan Rust 2, Timo Meier 1) at 5:11
7. Penguins , Tomas Tatar 3 (T.J. Oshie 4, Cale Makar 3) at 13:14

Penalties :
Roman Josi (HAR) for High sticking (Minor) at 16:57

Goalie Stats

Tuukka Rask (PIT), 11 saves from 15 shots - (0,733), L, 1-1-0, 24:38 minutes
Jack Campbell (PIT), 12 saves from 13 shots - (0,923), 35:22 minutes
Jacob Markstrom (HAR), 31 saves from 33 shots - (0,939), W, 1-1-0, 60:00 minutes

Players Stats for Penguins

Player Name              G  A  P  +/- PIM S  H  SB GA TA FO     MP     PP MP  PK MP  
------------------------------------------------------------------------------------
Alex Chiasson            0  0  0   0  0   0  2  0  1  0  0/0     8:25   0:00   0:00 
Auston Matthews          0  0  0  -2  0   2  2  0  0  0  11/22  20:22   4:13   0:04 
Cale Makar               0  1  1   0  0   3  2  2  0  0  0/0    25:31   4:07   0:41 
Carl Hagelin             0  0  0   0  0   3  2  1  1  0  0/0    12:13   0:10   1:00 
Chad Ruhwedel            0  0  0  -3  0   1  1  1  0  1  0/0    18:53   3:51   0:41 
Charlie Coyle            0  0  0  -2  0   0  0  1  0  0  0/0    15:34   0:00   0:00 
Curtis Lazar             0  0  0   0  0   0  0  0  0  0  0/2     9:58   0:00   0:59 
Dmitry Orlov             1  0  1   0  0   1  4  1  0  0  0/0    19:09   3:49   0:00 
Ethan Bear               0  0  0  -3  0   0  0  0  0  1  0/0    15:33   0:16   0:00 
J.T. Miller              0  0  0  -2  2   2  2  0  1  0  1/2    20:03   4:03   0:00 
Jack Roslovic            0  0  0   0  0   2  0  0  1  1  1/5    14:16   3:43   0:00 
Jesse Puljujarvi         0  1  1   0  0   2  0  0  0  0  0/0    11:14   0:10   0:00 
Lawson Crouse            0  1  1   0  0   2  2  0  0  0  0/0     9:06   0:00   0:41 
Matthew Nieto            0  0  0   0  0   0  0  0  0  0  0/0     0:42   0:00   0:18 
Mikael Granlund          0  0  0  -1  0   1  1  0  1  0  16/22  19:14   3:43   0:56 
Niklas Hjalmarsson       0  0  0   0  0   1  1  1  0  0  0/0    19:50   3:49   1:18 
T.J. Oshie               0  1  1  -1  0   3  0  0  1  0  0/0    18:35   4:03   0:00 
Tomas Tatar              1  0  1  -1  0   6  2  0  0  0  0/0    18:18   3:43   0:00 
Tyler Myers              0  0  0   0  0   4  1  1  0  1  0/0    21:04   0:00   1:18 

Players Stats for Whalers

Player Name              G  A  P  +/- PIM S  H  SB GA TA FO     MP     PP MP  PK MP  
------------------------------------------------------------------------------------
Bryan Rust               1  1  2   1  0   6  2  0  0  0  1/1    16:05   1:05   0:00 
Christian Dvorak         0  1  1   1  2   3  1  0  0  0  8/16   17:09   0:05   3:00 
David Perron             1  1  2   1  0   1  1  1  0  0  0/2    16:42   1:00   0:39 
David Savard             0  2  2   3  0   0  4  2  0  1  0/0    18:16   0:00   4:17 
Drake Batherson          1  0  1   1  0   2  1  0  0  0  0/1    14:05   0:05   0:00 
Joe Pavelski             1  0  1   1  0   7  1  0  0  0  7/13   15:20   1:00   0:00 
Justin Faulk             0  0  0   0  4   2  2  2  0  1  0/0    22:23   1:04   2:03 
Nikita Zadorov           0  1  1   0  0   1  2  0  0  1  0/0    21:28   0:00   3:39 
Reilly Smith             1  0  1   1  0   2  1  0  0  0  0/2    13:54   0:00   0:00 
Riley Nash               0  0  0   0  0   0  0  0  0  0  0/0     9:45   0:00   3:03 
Roman Josi               0  0  0   0  2   1  3  0  2  0  0/0    20:01   1:04   0:00 
Scott Mayfield           0  0  0   0  0   0  4  2  2  1  0/0    22:23   0:55   4:31 
Sean Couturier           0  0  0   1  0   1  1  2  0  1  6/14   16:31   0:54   0:43 
Sean Walker              0  0  0   3  0   0  1  0  0  0  0/0    15:35   0:55   1:22 
Shane Pinto              0  0  0   0  0   1  2  0  0  0  1/1    10:45   0:00   4:08 
Timo Meier               0  1  1   1  0   1  1  0  0  1  1/2    16:39   0:54   1:16 
Tobias Rieder            0  0  0   0  0   0  0  1  0  0  0/0     9:45   0:00   3:03 
Vladimir Tarasenko       0  1  1   1  0   0  1  1  0  0  0/1    15:14   0:54   0:00 

3 Stars

1 - David Savard (HAR)
2 - Bryan Rust (HAR)
3 - David Perron (HAR)

Power Play

Penguins - 0 on 4 Attempt(s) - 0,00%
Whalers - 0 on 1 Attempt(s) - 0,00%

Penalty Kill

Penguins - 1 on 1 Attempt(s) - 100,00% - Score 0 goal in Penalty Kill
Whalers - 4 on 4 Attempt(s) - 100,00% - Score 0 goal in Penalty Kill

Team Stat

Penguins - Hits : 22 - Faceoff Wins : 29 - Blocked Shots : 8 - Penalty Minutes : 2
Whalers - Hits : 28 - Faceoff Wins : 24 - Blocked Shots : 11 - Penalty Minutes : 8

Official

Referees : Beaudry Halkidis and Kyle Rehman
Linesman : Scott Cherrey and Matt MacPherson

Game Notes

3:43 of 1st period - Whalers goal is going for a video replay. After video review, Goal.
Jack Campbell enters game at 4:38 of 2nd period

Finance

Level 1 -- Attendance: 4279 (71,32%) -- Ticket Income 641 850 $
Level 2 -- Attendance: 2524 (50,48%) -- Ticket Income 315 500 $
Level 3 -- Attendance: 807 (40,35%) -- Ticket Income 96 840 $
Level 4 -- Attendance: 1600 (40,00%) -- Ticket Income 128 000 $
Luxury Box -- Attendance: 413 (41,30%) -- Ticket Income 206 500 $
Game was played at the The Pound.
Total Attendance: 9623 (53,46%)
Total Ticket Income: 1 388 690 $
Other Income: 680 458 $
Total Income: 2 069 148 $

Penguins

5 vs 5 Forward 
   Center                   Left Wing                Right Wing               Time % Phy DF OF 
 1 Auston Matthews          J.T. Miller              Charlie Coyle            37     0   1  4  
 2 Mikael Granlund          Tomas Tatar              T.J. Oshie               36     0   2  3  
 3 Jack Roslovic            Carl Hagelin             Jesse Puljujarvi         17     1   2  2  
 4 Curtis Lazar             Lawson Crouse            Alex Chiasson            10     1   2  2  

5 vs 5 Defense 
   Defense                  Defense                                           Time % Phy DF OF 
 1 Tyler Myers              Cale Makar                                        40     1   2  2  
 2 Niklas Hjalmarsson       Dmitry Orlov                                      30     1   2  2  
 3 Chad Ruhwedel            Ethan Bear                                        30     1   2  2  
 4 Chad Ruhwedel            Tyler Myers                                       0      1   2  2  

PowerPlay Forward 
   Center                   Left Wing                Right Wing               Time % Phy DF OF 
 1 Auston Matthews          J.T. Miller              T.J. Oshie               60     0   0  5  
 2 Mikael Granlund          Tomas Tatar              Jack Roslovic            40     1   2  2  

PowerPlay Defense
   Defense                  Defense                                           Time % Phy DF OF 
 1 Chad Ruhwedel            Cale Makar                                        60     1   2  2  
 2 Niklas Hjalmarsson       Dmitry Orlov                                      40     1   2  2  

Penalty Kill 4 Players Forward 
   Center                   Wing                     Time % Phy DF OF 
 1 Curtis Lazar             Carl Hagelin             60     1   4  0  
 2 Mikael Granlund          Lawson Crouse            40     1   4  0  

Penalty Kill 4 Players Defense
   Defense                  Defense                  Time % Phy DF OF 
 1 Tyler Myers              Niklas Hjalmarsson       60     1   4  0  
 2 Cale Makar               Chad Ruhwedel            40     1   3  1  

Penalty Kill - 3 Players Forward 
   Forward                                           Time % Phy DF OF 
 1 Curtis Lazar                                      60     1   2  2  
 2 Carl Hagelin                                      40     1   2  2  

Penalty Kill - 3 Players Defense
   Defense                  Defense                  Time % Phy DF OF 
 1 Tyler Myers              Cale Makar               60     1   2  2  
 2 Niklas Hjalmarsson       Chad Ruhwedel            40     1   2  2  

4 vs 4 Forward 
   Center                   Wing                     Time % Phy DF OF 
 1 Auston Matthews          T.J. Oshie               60     1   2  2  
 2 J.T. Miller              Mikael Granlund          40     1   2  2  

4 vs 4 Defense
   Defense                  Defense                  Time % Phy DF OF 
 1 Tyler Myers              Cale Makar               60     1   2  2  
 2 Niklas Hjalmarsson       Dmitry Orlov             40     1   2  2  

Last Minutes Offensive
   Center                   Left Wing                Right Wing               Defense                  Defense                  
   Auston Matthews          J.T. Miller              T.J. Oshie               Tyler Myers              Cale Makar               

Last Minutes Defensive
   Center                   Left Wing                Right Wing               Defense                  Defense                  
   Curtis Lazar             Carl Hagelin             Lawson Crouse            Tyler Myers              Cale Makar               

Goaltenders
Starting : Tuukka Rask              
Backup : Jack Campbell            

Extra Forwards
Normal : Jesse Puljujarvi, Carl Hagelin, Lawson Crouse - PP : Jesse Puljujarvi, Carl Hagelin - PK : Lawson Crouse
Extra Defensemen
Normal : Chad Ruhwedel, Ethan Bear, Tyler Myers - PP : Chad Ruhwedel - PK : Ethan Bear, Chad Ruhwedel
Penalty Shots
Auston Matthews, J.T. Miller, T.J. Oshie, Mikael Granlund, Tomas Tatar
Custom OT Lines Forwards
Auston Matthews, J.T. Miller, T.J. Oshie, Mikael Granlund, Tomas Tatar, Charlie Coyle, Carl Hagelin, Lawson Crouse, Jack Roslovic, Alex Chiasson
Custom OT Lines Defensemen
Tyler Myers, Cale Makar, Niklas Hjalmarsson, Dmitry Orlov, Chad Ruhwedel

Scratches
Ryan Murray (Abdomen/Ribs Injury)

Whalers

5 vs 5 Forward 
   Center                   Left Wing                Right Wing               Time % Phy DF OF 
 1 Sean Couturier           Bryan Rust               David Perron             33     0   2  3  
 2 Joe Pavelski             Timo Meier               Vladimir Tarasenko       31     0   2  3  
 3 Christian Dvorak         Reilly Smith             Drake Batherson          31     0   2  3  
 4 Shane Pinto              Tobias Rieder            Riley Nash               5      0   2  3  

5 vs 5 Defense 
   Defense                  Defense                                           Time % Phy DF OF 
 1 Justin Faulk             Roman Josi                                        38     0   3  2  
 2 Nikita Zadorov           Scott Mayfield                                    33     0   3  2  
 3 David Savard             Sean Walker                                       29     0   3  2  
 4 Justin Faulk             Nikita Zadorov                                    0      0   3  2  

PowerPlay Forward 
   Center                   Left Wing                Right Wing               Time % Phy DF OF 
 1 Joe Pavelski             Bryan Rust               David Perron             50     0   0  5  
 2 Sean Couturier           Timo Meier               Vladimir Tarasenko       50     0   0  5  

PowerPlay Defense
   Defense                  Defense                                           Time % Phy DF OF 
 1 Justin Faulk             Roman Josi                                        50     0   0  5  
 2 Scott Mayfield           Sean Walker                                       50     0   0  5  

Penalty Kill 4 Players Forward 
   Center                   Wing                     Time % Phy DF OF 
 1 Christian Dvorak         Shane Pinto              55     0   5  0  
 2 Riley Nash               Tobias Rieder            45     0   5  0  

Penalty Kill 4 Players Defense
   Defense                  Defense                  Time % Phy DF OF 
 1 Justin Faulk             David Savard             50     0   5  0  
 2 Nikita Zadorov           Scott Mayfield           50     0   5  0  

Penalty Kill - 3 Players Forward 
   Forward                                           Time % Phy DF OF 
 1 Christian Dvorak                                  50     0   5  0  
 2 Riley Nash                                        50     0   5  0  

Penalty Kill - 3 Players Defense
   Defense                  Defense                  Time % Phy DF OF 
 1 Justin Faulk             David Savard             50     0   5  0  
 2 Nikita Zadorov           Scott Mayfield           50     0   5  0  

4 vs 4 Forward 
   Center                   Wing                     Time % Phy DF OF 
 1 Joe Pavelski             Christian Dvorak         60     0   2  3  
 2 Sean Couturier           Vladimir Tarasenko       40     0   2  3  

4 vs 4 Defense
   Defense                  Defense                  Time % Phy DF OF 
 1 Justin Faulk             Roman Josi               50     0   3  2  
 2 Nikita Zadorov           David Savard             50     0   3  2  

Last Minutes Offensive
   Center                   Left Wing                Right Wing               Defense                  Defense                  
   Joe Pavelski             David Perron             Vladimir Tarasenko       Justin Faulk             Roman Josi               

Last Minutes Defensive
   Center                   Left Wing                Right Wing               Defense                  Defense                  
   Sean Couturier           Christian Dvorak         Riley Nash               Scott Mayfield           David Savard             

Goaltenders
Starting : Jacob Markstrom          
Backup : Laurent Brossoit         

Extra Forwards
Normal : Joe Pavelski, David Perron, Sean Couturier - PP : Drake Batherson, Christian Dvorak - PK : Timo Meier
Extra Defensemen
Normal : Justin Faulk, Scott Mayfield, Sean Walker - PP : Nikita Zadorov - PK : Scott Mayfield, Justin Faulk
Penalty Shots
Joe Pavelski, Vladimir Tarasenko, Drake Batherson, Bryan Rust, David Perron
Custom OT Lines Forwards
Joe Pavelski, Sean Couturier, David Perron, Bryan Rust, Christian Dvorak, Drake Batherson, Timo Meier, Vladimir Tarasenko, Reilly Smith, Riley Nash
Custom OT Lines Defensemen
Justin Faulk, Nikita Zadorov, Roman Josi, David Savard, Scott Mayfield

Scratches
None


% Time on Ice - Penguins

Lines # - Real PCT - Wanted PCT - Time Play
Normal Forward
1 - 32% - 37% - 16:05
2 - 29% - 36% - 14:35
3 - 22% - 17% - 11:00
4 - 17% - 10% - 8:25
Normal Defense
1 - 42% - 40% - 21:01
2 - 30% - 30% - 15:15
3 - 28% - 30% - 13:49
4 - 0% - 0% - 0:00
PP Forward
1 - 53% - 60% - 4:13
2 - 47% - 40% - 3:43
PP Defense
1 - 52% - 60% - 4:07
2 - 48% - 40% - 3:49
PK Forward
1 - 76% - 60% - 1:30
2 - 24% - 40% - 0:29
PK Defense
1 - 66% - 60% - 1:18
2 - 34% - 40% - 0:41
PK3 Forward
1 - 0% - 60%
2 - 0% - 40%
PK3 Defense
1 - 0% - 60%
2 - 0% - 40%
44 Forward
1 - 0% - 60%
2 - 0% - 40%
44 Defense
1 - 0% - 60%
2 - 0% - 40%
Last Minute Offensive  - 0:00
Last Minute Defensive  - 0:00
Total
Forward - 60:00
Defense - 60:00

% Time on Ice - Whalers

Lines # - Real PCT - Wanted PCT - Time Play
Normal Forward
1 - 30% - 33% - 15:09
2 - 29% - 31% - 14:25
3 - 28% - 31% - 13:54
4 - 13% - 5% - 6:37
Normal Defense
1 - 38% - 38% - 19:03
2 - 34% - 33% - 17:08
3 - 28% - 29% - 13:54
4 - 0% - 0% - 0:00
PP Forward
1 - 55% - 50% - 1:05
2 - 45% - 50% - 0:54
PP Defense
1 - 54% - 50% - 1:04
2 - 46% - 50% - 0:55
PK Forward
1 - 62% - 55% - 4:53
2 - 38% - 45% - 3:03
PK Defense
1 - 54% - 50% - 4:17
2 - 46% - 50% - 3:39
PK3 Forward
1 - 0% - 50%
2 - 0% - 50%
PK3 Defense
1 - 0% - 50%
2 - 0% - 50%
44 Forward
1 - 0% - 60%
2 - 0% - 40%
44 Defense
1 - 0% - 50%
2 - 0% - 50%
Last Minute Offensive  - 0:00
Last Minute Defensive  - 0:00
Total
Forward - 60:00
Defense - 60:00

Play-by-Play

1st period


0:01 of 1st period - Auston Matthews wins face-off versus Sean Couturier in neutral zone.
0:15 of 1st period - Minor Penalty to Justin Faulk for Hooking.
0:16 of 1st period - Auston Matthews wins face-off versus Christian Dvorak in Whalers zone.
1:02 of 1st period - Wrist shot by Christian Dvorak.
1:02 of 1st period - Stopped by Tuukka Rask with a rebound.
1:13 of 1st period - Slapshot by Cale Makar.
1:13 of 1st period - Stopped by Jacob Markstrom without a rebound.
1:14 of 1st period - J.T. Miller wins face-off versus Christian Dvorak in Whalers zone.
2:15 of 1st period - Penalty to Justin Faulk is over, Justin Faulk is back on ice.
2:34 of 1st period - Snap shot by Joe Pavelski.
2:34 of 1st period - Stopped by Tuukka Rask with a rebound.
2:45 of 1st period - Off-side.
2:46 of 1st period - Sean Couturier wins face-off versus Jack Roslovic in neutral zone.
2:51 of 1st period - Slapshot by Cale Makar.
2:51 of 1st period - Shot Blocked by Sean Couturier.
2:54 of 1st period - Icing by Sean Walker.
2:55 of 1st period - Mikael Granlund wins face-off versus Sean Couturier in Whalers zone.
2:58 of 1st period - Slapshot by Mikael Granlund.
2:58 of 1st period - Stopped by Jacob Markstrom with a rebound.
3:14 of 1st period - Wrist shot by Bryan Rust.
3:14 of 1st period - Stopped by Tuukka Rask with a rebound.
3:16 of 1st period - Slapshot by David Savard.
3:16 of 1st period - Shot Blocked by Cale Makar.
3:29 of 1st period - Snap shot by Sean Couturier.
3:29 of 1st period - Stopped by Tuukka Rask with a rebound.
3:41 of 1st period - Wrist shot by Bryan Rust.
3:41 of 1st period - Shot Misses the Net.
3:43 of 1st period - Slapshot by David Savard.
3:43 of 1st period - Deflect By Bryan Rust.
3:43 of 1st period - Whalers goal is going for a video replay.
3:43 of 1st period - The goal is good.
3:43 of 1st period - Goal by Bryan Rust - Penguins : 0 - Whalers : 1.
3:44 of 1st period - Christian Dvorak wins face-off versus Auston Matthews in neutral zone.
3:59 of 1st period - Slapshot by Christian Dvorak.
3:59 of 1st period - Shot Misses the Net.
4:05 of 1st period - Minor Penalty to J.T. Miller for Interference.
4:06 of 1st period - Bryan Rust wins face-off versus Curtis Lazar in Penguins zone.
6:05 of 1st period - Penalty to J.T. Miller is over, J.T. Miller is back on ice.
6:06 of 1st period - Chad Ruhwedel is hit by Drake Batherson and loses puck.
6:17 of 1st period - Wrist shot by Drake Batherson.
6:17 of 1st period - Shot Misses the Net.
6:19 of 1st period - Slapshot by Nikita Zadorov.
6:19 of 1st period - Shot Blocked by Carl Hagelin.
6:21 of 1st period - Slapshot by Christian Dvorak.
6:21 of 1st period - Shot Blocked by Cale Makar.
6:23 of 1st period - Slapshot by David Savard.
6:23 of 1st period - Shot Misses the Net.
6:45 of 1st period - David Savard is hit by Lawson Crouse.
6:55 of 1st period - Slapshot by Christian Dvorak.
6:55 of 1st period - Stopped by Tuukka Rask with a rebound.
6:57 of 1st period - Slapshot by Nikita Zadorov.
6:57 of 1st period - Shot Blocked by Dmitry Orlov.
6:59 of 1st period - Wrist shot by Shane Pinto.
6:59 of 1st period - Stopped by Tuukka Rask with a rebound.
8:59 of 1st period - Jack Roslovic is hit by David Savard.
9:23 of 1st period - Riley Nash is hit by Dmitry Orlov and loses puck.
10:17 of 1st period - Snap shot by Joe Pavelski.
10:17 of 1st period - Shot Misses the Net.
10:19 of 1st period - Wrist shot by Joe Pavelski.
10:19 of 1st period - Stopped by Tuukka Rask without a rebound.
10:20 of 1st period - Auston Matthews wins face-off versus Drake Batherson in Penguins zone.
10:35 of 1st period - Snap shot by Auston Matthews.
10:35 of 1st period - Shot Misses the Net.
10:47 of 1st period - Snap shot by Bryan Rust.
10:47 of 1st period - Shot Misses the Net.
10:49 of 1st period - Slapshot by Sean Couturier.
10:49 of 1st period - Deflect By Bryan Rust.
10:49 of 1st period - Stopped by Tuukka Rask without a rebound.
10:50 of 1st period - Mikael Granlund wins face-off versus Sean Couturier in Penguins zone.
10:59 of 1st period - Wrist shot by T.J. Oshie.
10:59 of 1st period - Shot Blocked by David Savard.
11:01 of 1st period - Slapshot by Chad Ruhwedel.
11:01 of 1st period - Shot Misses the Net.
11:03 of 1st period - Snap shot by Mikael Granlund.
11:03 of 1st period - Shot Misses the Net.
11:05 of 1st period - Snap shot by Tomas Tatar.
11:05 of 1st period - Shot Misses the Net.
11:21 of 1st period - Snap shot by Cale Makar.
11:21 of 1st period - Shot Blocked by David Savard.
11:23 of 1st period - Slapshot by Tyler Myers.
11:23 of 1st period - Stopped by Jacob Markstrom with a rebound.
11:25 of 1st period - Snap shot by Carl Hagelin.
11:25 of 1st period - Stopped by Jacob Markstrom without a rebound.
11:26 of 1st period - Mikael Granlund wins face-off versus Christian Dvorak in Whalers zone.
11:57 of 1st period - Snap shot by Christian Dvorak.
11:57 of 1st period - Deflect By Drake Batherson.
11:57 of 1st period - Shot Misses the Net.
11:57 of 1st period - Puck is out of play.
11:58 of 1st period - Joe Pavelski wins face-off versus Jack Roslovic in Penguins zone.
12:15 of 1st period - Wrist shot by Joe Pavelski.
12:15 of 1st period - Stopped by Tuukka Rask with a rebound.
12:23 of 1st period - Chad Ruhwedel is hit by Justin Faulk and loses puck.
12:36 of 1st period - Snap shot by Jesse Puljujarvi.
12:36 of 1st period - Stopped by Jacob Markstrom with a rebound.
12:38 of 1st period - Wrist shot by Carl Hagelin.
12:38 of 1st period - Stopped by Jacob Markstrom with a rebound.
12:40 of 1st period - Snap shot by Ethan Bear.
12:40 of 1st period - Shot Blocked by Scott Mayfield.
12:42 of 1st period - Snap shot by Chad Ruhwedel.
12:42 of 1st period - Deflect By David Perron.
12:42 of 1st period - Stopped by Jacob Markstrom without a rebound.
12:43 of 1st period - Joe Pavelski wins face-off versus Auston Matthews in Whalers zone.
12:58 of 1st period - Wrist shot by Vladimir Tarasenko.
12:58 of 1st period - Shot Blocked by Charlie Coyle.
13:29 of 1st period - Off-side.
13:30 of 1st period - Sean Couturier wins face-off versus Curtis Lazar in neutral zone.
14:48 of 1st period - Off-side.
14:49 of 1st period - Auston Matthews wins face-off versus Sean Couturier in neutral zone.
15:04 of 1st period - Slapshot by Justin Faulk.
15:04 of 1st period - Stopped by Tuukka Rask without a rebound.
15:05 of 1st period - Mikael Granlund wins face-off versus Joe Pavelski in Penguins zone.
15:31 of 1st period - Reilly Smith is hit by Auston Matthews and loses puck.
15:54 of 1st period - Snap shot by Jack Roslovic.
15:54 of 1st period - Shot Blocked by David Perron.
15:56 of 1st period - Slapshot by Tyler Myers.
15:56 of 1st period - Shot Misses the Net.
15:58 of 1st period - Slapshot by Tyler Myers.
15:58 of 1st period - Stopped by Jacob Markstrom with a rebound.
16:00 of 1st period - Slapshot by Tyler Myers.
16:00 of 1st period - Stopped by Jacob Markstrom with a rebound.
16:32 of 1st period - Nikita Zadorov is hit by Mikael Granlund and loses puck.
16:56 of 1st period - Snap shot by J.T. Miller.
16:56 of 1st period - Stopped by Jacob Markstrom without a rebound.
16:57 of 1st period - Auston Matthews wins face-off versus Vladimir Tarasenko in Whalers zone.
17:08 of 1st period - Snap shot by Auston Matthews.
17:08 of 1st period - Stopped by Jacob Markstrom without a rebound.
17:09 of 1st period - Auston Matthews wins face-off versus Christian Dvorak in Whalers zone.
17:25 of 1st period - Wrist shot by Drake Batherson.
17:25 of 1st period - Goal by Drake Batherson - Penguins : 0 - Whalers : 2.
17:26 of 1st period - Mikael Granlund wins face-off versus Joe Pavelski in neutral zone.
18:18 of 1st period - Snap shot by David Perron.
18:18 of 1st period - Shot Blocked by Chad Ruhwedel.
18:20 of 1st period - Slapshot by Sean Walker.
18:20 of 1st period - Deflect By Bryan Rust.
18:20 of 1st period - Shot Misses the Net.
18:20 of 1st period - Puck is out of play.
18:21 of 1st period - Joe Pavelski wins face-off versus Mikael Granlund in Penguins zone.
18:30 of 1st period - Wrist shot by Joe Pavelski.
18:30 of 1st period - Stopped by Tuukka Rask without a rebound.
18:31 of 1st period - Mikael Granlund wins face-off versus Joe Pavelski in Penguins zone.
18:42 of 1st period - Snap shot by T.J. Oshie.
18:42 of 1st period - Shot Misses the Net.
19:01 of 1st period - Slapshot by T.J. Oshie.
19:01 of 1st period - Shot Misses the Net.
19:03 of 1st period - Slapshot by Niklas Hjalmarsson.
19:03 of 1st period - Stopped by Jacob Markstrom without a rebound.
19:04 of 1st period - Christian Dvorak wins face-off versus Auston Matthews in Whalers zone.
19:04 of 1st period - Christian Dvorak is hit by Chad Ruhwedel.
19:14 of 1st period - Snap shot by Reilly Smith.
19:14 of 1st period - Goal by Reilly Smith - Penguins : 0 - Whalers : 3.
19:15 of 1st period - Sean Couturier wins face-off versus Auston Matthews in neutral zone.
19:20 of 1st period - Wrist shot by David Perron.
19:20 of 1st period - Shot Misses the Net.
19:42 of 1st period - Reilly Smith is hit by Cale Makar and loses puck.
19:49 of 1st period - Snap shot by T.J. Oshie.
19:49 of 1st period - Shot Misses the Net.
19:51 of 1st period - Slapshot by Tomas Tatar.
19:51 of 1st period - Stopped by Jacob Markstrom with a rebound.
19:53 of 1st period - Slapshot by Tomas Tatar.
19:53 of 1st period - Shot Misses the Net.
Goals for this period are 0 for Penguins vs 3 for Whalers.
Shots for this period are 13 for Penguins vs 14 for Whalers.

2nd period


0:01 of 2nd period - Auston Matthews wins face-off versus Sean Couturier in neutral zone.
0:04 of 2nd period - Wrist shot by Auston Matthews.
0:04 of 2nd period - Shot Misses the Net.
0:10 of 2nd period - Snap shot by J.T. Miller.
0:10 of 2nd period - Shot Blocked by Sean Couturier.
0:27 of 2nd period - Chad Ruhwedel is hit by Roman Josi and loses puck.
0:47 of 2nd period - Off-side.
0:48 of 2nd period - Jack Roslovic wins face-off versus Joe Pavelski in neutral zone.
0:56 of 2nd period - Slapshot by Jack Roslovic.
0:56 of 2nd period - Stopped by Jacob Markstrom without a rebound.
0:57 of 2nd period - Auston Matthews wins face-off versus Sean Couturier in Whalers zone.
1:24 of 2nd period - David Savard is hit by Dmitry Orlov and loses puck.
3:21 of 2nd period - Wrist shot by J.T. Miller.
3:21 of 2nd period - Stopped by Jacob Markstrom without a rebound.
3:22 of 2nd period - Christian Dvorak wins face-off versus Mikael Granlund in Whalers zone.
3:43 of 2nd period - Chad Ruhwedel is hit by Reilly Smith and loses puck.
4:25 of 2nd period - Shane Pinto is hit by Alex Chiasson and loses puck.
4:38 of 2nd period - Snap shot by Joe Pavelski.
4:38 of 2nd period - Goal by Joe Pavelski - Penguins : 0 - Whalers : 4.
4:38 of 2nd period - Jack Campbell enters game.
4:39 of 2nd period - Mikael Granlund wins face-off versus Christian Dvorak in neutral zone.
4:50 of 2nd period - Snap shot by Tomas Tatar.
4:50 of 2nd period - Shot Misses the Net.
5:39 of 2nd period - Timo Meier is hit by Carl Hagelin and loses puck.
6:31 of 2nd period - Minor Penalty to Christian Dvorak for Holding.
6:32 of 2nd period - Timo Meier wins face-off versus Auston Matthews in Whalers zone.
7:08 of 2nd period - Slapshot by Dmitry Orlov.
7:08 of 2nd period - Shot Blocked by Tobias Rieder.
7:42 of 2nd period - J.T. Miller is hit by Nikita Zadorov and loses puck.
8:31 of 2nd period - Penalty to Christian Dvorak is over, Christian Dvorak is back on ice.
8:58 of 2nd period - Icing by Ethan Bear.
8:59 of 2nd period - Joe Pavelski wins face-off versus Jack Roslovic in Penguins zone.
9:08 of 2nd period - Snap shot by Joe Pavelski.
9:08 of 2nd period - Stopped by Jack Campbell without a rebound.
9:09 of 2nd period - Sean Couturier wins face-off versus Mikael Granlund in Penguins zone.
9:10 of 2nd period - Slapshot by Bryan Rust.
9:10 of 2nd period - Stopped by Jack Campbell with a rebound.
9:15 of 2nd period - Off-side.
9:16 of 2nd period - Mikael Granlund wins face-off versus Sean Couturier in neutral zone.
9:24 of 2nd period - Minor Penalty to Justin Faulk for Roughing.
9:25 of 2nd period - Shane Pinto wins face-off versus Auston Matthews in Whalers zone.
10:11 of 2nd period - Tobias Rieder is hit by Auston Matthews and loses puck.
11:18 of 2nd period - Chad Ruhwedel is hit by Scott Mayfield and loses puck.
11:24 of 2nd period - Penalty to Justin Faulk is over, Justin Faulk is back on ice.
11:54 of 2nd period - Carl Hagelin is hit by Timo Meier and loses puck.
12:11 of 2nd period - Snap shot by Drake Batherson.
12:11 of 2nd period - Shot Blocked by Tyler Myers.
12:13 of 2nd period - Slapshot by Nikita Zadorov.
12:13 of 2nd period - Stopped by Jack Campbell with a rebound.
12:15 of 2nd period - Snap shot by Drake Batherson.
12:15 of 2nd period - Stopped by Jack Campbell with a rebound.
12:27 of 2nd period - Curtis Lazar is hit by Scott Mayfield and loses puck.
12:40 of 2nd period - Vladimir Tarasenko is hit by Dmitry Orlov and loses puck.
12:51 of 2nd period - T.J. Oshie is hit by Shane Pinto and loses puck.
13:04 of 2nd period - Backhand shot by Christian Dvorak.
13:04 of 2nd period - Stopped by Jack Campbell without a rebound.
13:05 of 2nd period - Auston Matthews wins face-off versus Christian Dvorak in Penguins zone.
13:35 of 2nd period - Wrist shot by Jesse Puljujarvi.
13:35 of 2nd period - Shot Blocked by Scott Mayfield.
13:41 of 2nd period - Nikita Zadorov is hit by Carl Hagelin and loses puck.
13:57 of 2nd period - Wrist shot by Carl Hagelin.
13:57 of 2nd period - Stopped by Jacob Markstrom without a rebound.
13:58 of 2nd period - Joe Pavelski wins face-off versus Mikael Granlund in Whalers zone.
14:05 of 2nd period - Slapshot by Timo Meier.
14:05 of 2nd period - Stopped by Jack Campbell without a rebound.
14:06 of 2nd period - Mikael Granlund wins face-off versus Joe Pavelski in Penguins zone.
14:19 of 2nd period - Snap shot by Joe Pavelski.
14:19 of 2nd period - Stopped by Jack Campbell with a rebound.
14:43 of 2nd period - Snap shot by Tomas Tatar.
14:43 of 2nd period - Shot Misses the Net.
14:51 of 2nd period - Snap shot by Roman Josi.
14:51 of 2nd period - Stopped by Jack Campbell without a rebound.
14:52 of 2nd period - Christian Dvorak wins face-off versus Auston Matthews in Penguins zone.
15:21 of 2nd period - Snap shot by Lawson Crouse.
15:21 of 2nd period - Stopped by Jacob Markstrom with a rebound.
15:23 of 2nd period - Slapshot by Dmitry Orlov.
15:23 of 2nd period - Deflect By Drake Batherson.
15:23 of 2nd period - Goal by Dmitry Orlov - Penguins : 1 - Whalers : 4.
15:24 of 2nd period - Sean Couturier wins face-off versus Mikael Granlund in neutral zone.
15:41 of 2nd period - Snap shot by David Perron.
15:41 of 2nd period - Deflect By Bryan Rust.
15:41 of 2nd period - Stopped by Jack Campbell without a rebound.
15:42 of 2nd period - Auston Matthews wins face-off versus Christian Dvorak in Penguins zone.
16:29 of 2nd period - Icing by Vladimir Tarasenko.
16:30 of 2nd period - Joe Pavelski wins face-off versus Jack Roslovic in Whalers zone.
16:45 of 2nd period - Snap shot by Cale Makar.
16:45 of 2nd period - Stopped by Jacob Markstrom with a rebound.
16:57 of 2nd period - Scott Mayfield is hit by Cale Makar and loses puck.
19:02 of 2nd period - Riley Nash is hit by Tomas Tatar and loses puck.
19:17 of 2nd period - Vladimir Tarasenko is hit by J.T. Miller.
19:37 of 2nd period - Ethan Bear is hit by David Savard and loses puck.
19:52 of 2nd period - Jesse Puljujarvi is hit by David Perron and loses puck.
Goals for this period are 1 for Penguins vs 1 for Whalers.
Shots for this period are 6 for Penguins vs 10 for Whalers.

3rd period


0:01 of 3rd period - Christian Dvorak wins face-off versus Auston Matthews in neutral zone.
0:26 of 3rd period - Tomas Tatar is hit by Justin Faulk.
0:32 of 3rd period - Bryan Rust is hit by Dmitry Orlov and loses puck.
1:05 of 3rd period - Chad Ruhwedel is hit by Shane Pinto and loses puck.
1:26 of 3rd period - David Savard is hit by Tomas Tatar and loses puck.
1:45 of 3rd period - Charlie Coyle is hit by David Savard.
1:49 of 3rd period - Charlie Coyle is hit by Scott Mayfield.
1:53 of 3rd period - Bryan Rust is hit by J.T. Miller and loses puck.
2:19 of 3rd period - Tyler Myers is hit by Scott Mayfield and loses puck.
3:01 of 3rd period - Dmitry Orlov is hit by Bryan Rust and loses puck.
3:37 of 3rd period - Icing by Niklas Hjalmarsson.
3:38 of 3rd period - Mikael Granlund wins face-off versus Joe Pavelski in Penguins zone.
3:38 of 3rd period - Mikael Granlund is hit by Joe Pavelski.
4:05 of 3rd period - Tyler Myers is hit by Roman Josi and loses puck.
4:48 of 3rd period - Curtis Lazar is hit by Nikita Zadorov and loses puck.
5:11 of 3rd period - Slapshot by David Perron.
5:11 of 3rd period - Goal by David Perron - Penguins : 1 - Whalers : 5.
5:12 of 3rd period - Mikael Granlund wins face-off versus David Perron in neutral zone.
5:47 of 3rd period - Cale Makar is hit by David Savard and loses puck.
6:02 of 3rd period - Wrist shot by Cale Makar.
6:02 of 3rd period - Shot Blocked by Justin Faulk.
6:04 of 3rd period - Snap shot by Auston Matthews.
6:04 of 3rd period - Shot Misses the Net.
6:06 of 3rd period - Wrist shot by Auston Matthews.
6:06 of 3rd period - Shot Misses the Net.
6:26 of 3rd period - Mikael Granlund is hit by Sean Couturier and loses puck.
7:47 of 3rd period - Nikita Zadorov is hit by Lawson Crouse and loses puck.
8:05 of 3rd period - David Savard is hit by Alex Chiasson and loses puck.
8:16 of 3rd period - Niklas Hjalmarsson is hit by Sean Walker and loses puck.
8:21 of 3rd period - Backhand shot by Sean Couturier.
8:21 of 3rd period - Deflect By David Perron.
8:21 of 3rd period - Shot Blocked by Niklas Hjalmarsson.
8:21 of 3rd period - Puck is out of play.
8:22 of 3rd period - Mikael Granlund wins face-off versus David Perron in Penguins zone.
8:31 of 3rd period - Snap shot by T.J. Oshie.
8:31 of 3rd period - Stopped by Jacob Markstrom without a rebound.
8:32 of 3rd period - Mikael Granlund wins face-off versus Reilly Smith in Whalers zone.
8:33 of 3rd period - Slapshot by Tomas Tatar.
8:33 of 3rd period - Stopped by Jacob Markstrom without a rebound.
8:34 of 3rd period - Christian Dvorak wins face-off versus J.T. Miller in Whalers zone.
8:47 of 3rd period - Backhand shot by Tyler Myers.
8:47 of 3rd period - Stopped by Jacob Markstrom without a rebound.
8:48 of 3rd period - Mikael Granlund wins face-off versus Timo Meier in Whalers zone.
8:53 of 3rd period - Snap shot by T.J. Oshie.
8:53 of 3rd period - Shot Misses the Net.
8:55 of 3rd period - Wrist shot by Tomas Tatar.
8:55 of 3rd period - Deflect By Joe Pavelski.
8:55 of 3rd period - Stopped by Jacob Markstrom with a rebound.
8:57 of 3rd period - Slapshot by Cale Makar.
8:57 of 3rd period - Shot Misses the Net.
8:59 of 3rd period - Wrist shot by Tomas Tatar.
8:59 of 3rd period - Stopped by Jacob Markstrom with a rebound.
9:01 of 3rd period - Slapshot by T.J. Oshie.
9:01 of 3rd period - Shot Blocked by Justin Faulk.
9:19 of 3rd period - Slapshot by Justin Faulk.
9:19 of 3rd period - Stopped by Jack Campbell without a rebound.
9:20 of 3rd period - Auston Matthews wins face-off versus Reilly Smith in Penguins zone.
9:29 of 3rd period - Wrist shot by Auston Matthews.
9:29 of 3rd period - Shot Misses the Net.
9:31 of 3rd period - Wrist shot by J.T. Miller.
9:31 of 3rd period - Shot Misses the Net.
9:49 of 3rd period - T.J. Oshie is hit by Bryan Rust and loses puck.
10:10 of 3rd period - Snap shot by Jack Roslovic.
10:10 of 3rd period - Shot Misses the Net.
10:38 of 3rd period - Alex Chiasson is hit by Roman Josi and loses puck.
11:16 of 3rd period - Slapshot by Jack Roslovic.
11:16 of 3rd period - Shot Misses the Net.
11:18 of 3rd period - Wrist shot by Jesse Puljujarvi.
11:18 of 3rd period - Stopped by Jacob Markstrom with a rebound.
11:56 of 3rd period - Auston Matthews is hit by Christian Dvorak and loses puck.
13:02 of 3rd period - Wrist shot by Tomas Tatar.
13:02 of 3rd period - Stopped by Jacob Markstrom without a rebound.
13:03 of 3rd period - Sean Couturier wins face-off versus Mikael Granlund in Whalers zone.
13:10 of 3rd period - Slapshot by Tomas Tatar.
13:10 of 3rd period - Shot Misses the Net.
13:12 of 3rd period - Snap shot by T.J. Oshie.
13:12 of 3rd period - Stopped by Jacob Markstrom with a rebound.
13:14 of 3rd period - Snap shot by Tomas Tatar.
13:14 of 3rd period - Goal by Tomas Tatar - Penguins : 2 - Whalers : 5.
13:15 of 3rd period - Christian Dvorak wins face-off versus Auston Matthews in neutral zone.
13:44 of 3rd period - Wrist shot by T.J. Oshie.
13:44 of 3rd period - Shot Blocked by Vladimir Tarasenko.
13:46 of 3rd period - Snap shot by T.J. Oshie.
13:46 of 3rd period - Stopped by Jacob Markstrom with a rebound.
14:10 of 3rd period - Wrist shot by Jack Roslovic.
14:10 of 3rd period - Shot Misses the Net.
14:12 of 3rd period - Wrist shot by Jack Roslovic.
14:12 of 3rd period - Stopped by Jacob Markstrom with a rebound.
14:14 of 3rd period - Slapshot by Carl Hagelin.
14:14 of 3rd period - Shot Misses the Net.
14:30 of 3rd period - Justin Faulk is hit by Niklas Hjalmarsson.
14:34 of 3rd period - Wrist shot by Lawson Crouse.
14:34 of 3rd period - Stopped by Jacob Markstrom without a rebound.
14:35 of 3rd period - Christian Dvorak wins face-off versus Auston Matthews in Whalers zone.
16:27 of 3rd period - Cale Makar is hit by Vladimir Tarasenko and loses puck.
16:34 of 3rd period - Vladimir Tarasenko is hit by Tyler Myers.
16:46 of 3rd period - Wrist shot by Auston Matthews.
16:46 of 3rd period - Stopped by Jacob Markstrom with a rebound.
16:48 of 3rd period - Wrist shot by Charlie Coyle.
16:48 of 3rd period - Shot Misses the Net.
16:50 of 3rd period - Slapshot by Cale Makar.
16:50 of 3rd period - Shot Misses the Net.
16:52 of 3rd period - Slapshot by Cale Makar.
16:52 of 3rd period - Stopped by Jacob Markstrom without a rebound.
16:53 of 3rd period - Mikael Granlund wins face-off versus Sean Couturier in Whalers zone.
16:57 of 3rd period - Minor Penalty to Roman Josi for High sticking.
16:58 of 3rd period - Mikael Granlund wins face-off versus Christian Dvorak in Whalers zone.
18:57 of 3rd period - Penalty to Roman Josi is over, Roman Josi is back on ice.
19:09 of 3rd period - Wrist shot by Bryan Rust.
19:09 of 3rd period - Stopped by Jack Campbell with a rebound.
19:43 of 3rd period - Icing by Joe Pavelski.
19:44 of 3rd period - Joe Pavelski wins face-off versus Auston Matthews in Whalers zone.
19:59 of 3rd period - Snap shot by Reilly Smith.
19:59 of 3rd period - Stopped by Jack Campbell with a rebound.
Goals for this period are 1 for Penguins vs 1 for Whalers.
Shots for this period are 14 for Penguins vs 4 for Whalers. Output by the SimonT Hockey Simulator (STHS) for Eric Tremblay - Original Page W3C HTML5 Valid
Hockey Simulator - Hockey Simulation - Hockey Manager